Cogmind - Beta 16 @@@ ROGUE MODE // 2025.11.29 @ 14:48:39 Player: lvl5hm Result: Destroyed by Z9-Z7P(R) with Subdweller Laser Performance ------------- Evolutions (0) 0 Regions Visited (2) 400 Robots Destroyed (31) 155 Value Destroyed (941) 941 Prototype IDs (0) 0 Alien Tech Used (0) 0 Bonus (0) 0 TOTAL SCORE: 1496 Bonus ------- None Cogmind --------- Core Integrity 0/250 Matter 297/300 Energy 136/200 System Corruption 0% Temperature Cool (6) Movement Treading (360) Ox2 Location -10/Subcaves Parts ------- > --- POWER (1) -------- Subdweller Power Source > --- PROPULSION (2) --- Spiked Treads Subdweller Monowheel > --- UTILITY (2) ------ High-capacity Storage Unit Seismic Detector > --- WEAPON (2) ------- Subdweller Beam Cannon > --- INVENTORY (20) --- Subdweller Power Source Light Treads Aluminum Leg Subdweller Monowheel Flightbrick Heat Sink High-capacity Matter Pod (200) Makeshift Light Armor Plating Medium Laser Small Laser Beam Cannon Assault Rifle Subdweller Machine Gun Light Cannon Mining Laser Multitool Peak State ------------ > --- POWER ------------ Subdweller Power Source > --- PROPULSION ------- Subdweller Monowheel Subdweller Monowheel > --- UTILITY ---------- High-capacity Storage Unit Seismic Detector > --- WEAPON ----------- Subdweller Laser Makeshift Laser > --- INVENTORY -------- Subdweller Power Source Subdweller Power Source Light Treads Aluminum Leg Subdweller Monowheel Flightbrick Heat Sink High-capacity Matter Pod Medium Laser Small Laser Beam Cannon Assault Rifle Subdweller Machine Gun Light Cannon Mining Laser [Rating: 19] Favorites ----------- Power Subdweller Power Source Engine Subdweller Power Source Propulsion Aluminum Leg Treads Light Treads Leg Aluminum Leg Wheel Subdweller Monowheel Utility Seismic Detector Device Seismic Detector Storage Large Storage Unit Protection Light Armor Plating Weapon Light Assault Rifle Energy Gun Medium Laser Energy Cannon Subdweller Beam Cannon Ballistic Gun Light Assault Rifle Ballistic Cannon Light Cannon Special Weapon Mining Laser Build | -11 -10 -10 ------- Run | Yrd Mat Sub Slots Evolved . | . . . Power . | . . . Propulsion . | . . . Utility . | . . . Weapon . | . . . Parts Attached 43 | 8 12 23 Power 6 | 1 2 3 Engine 6 | 1 2 3 Core . | . . . Reactor . | . . . Propulsion 15 | 2 5 8 Treads 3 | . . 3 Leg 7 | 2 5 . Wheel 5 | . . 5 Hover . | . . . Flight . | . . . Utility 7 | 2 2 3 Device 3 | 1 1 1 Storage 3 | 1 1 1 Processor . | . . . Hackware . | . . . Protection 1 | . . 1 Artifact . | . . . Weapon 15 | 3 3 9 Energy Gun 7 | 1 1 5 Energy Cannon 1 | . . 1 Ballistic Gun 5 | 2 1 2 Ballistic Cannon 1 | . 1 . Launcher . | . . . Special Weapon 1 | . . 1 Impact Weapon . | . . . Slashing Weapon . | . . . Piercing Weapon . | . . . Special Melee Weapon . | . . . Unidentified Prototypes . | . . . Parts Lost 10 | . 2 8 Power 1 | . 1 . Propulsion 3 | . . 3 Utility 2 | . 1 1 Weapon 4 | . . 4 Highest Loss Streak 2 | . 1 2 To Critical Strikes . | . . . Average Backups 12 | 2 10 15 Power . | . . 1 Propulsion 3 | 1 3 3 Utility 2 | . 2 2 Weapon 5 | . 3 6 Tool/Special . | . . . Unused Backups 9 | . . 9 Power 2 | . . 2 Propulsion 1 | . . 1 Utility 2 | . . 2 Weapon 3 | . . 3 Tool/Special 1 | . . 1 Average Slot Usage (%) 97 | . 94 99 Engine 13 | . 13 14 Treads 8 | . . 14 Leg 14 | . 28 4 Wheel 4 | . . 8 Device 11 | . 9 12 Storage 14 | . 14 14 Energy Gun 9 | . 8 10 Energy Cannon 3 | . . 6 Ballistic Gun 13 | . 19 9 Peak Build Rating 19 | 7 8 19 Average Rating 11 | 5 7 14 On Entrance 5 | . 7 8 Avg Prop Armor Cover (%) 14 | . . 14 Naked Turns . | . . . Heaviest Build 58 | 11 30 58 Greatest Support 40 | 20 20 40 Greatest Overweight (x) 2 | . 1 2 Average Overweight (x) 1 | . . 1 Largest Inventory Capacity 20 | 8 15 20 Average Capacity 16 | 7 14 18 Most Carried 20 | 4 15 20 Average Carried 13 | 2 10 17 Final Capacity 20 | 8 15 20 Final Carried 19 | 4 15 19 Class Distribution -------------------- 94% | Mutant 5% | Scavenger-Mutant Dominant Class ---------------- Mutant | -10/Materials Mutant | -10/Subcaves Resources | -11 -10 -10 ----------- Run | Yrd Mat Sub Matter Collected 1124 | 290 430 404 Remotely . | . . . Salvage Created 1067 | 44 407 616 Parts 68 | 5 27 36 Haulers Intercepted . | . . . Recyclers Shooed 1 | 1 . . Parts Field Recycled . | . . . Retrieved Matter . | . . . Parts Self-Destructed 5 | . . 5 Prevented . | . . . Parts Restored . | . . . Kills | -11 -10 -10 ------- Run | Yrd Mat Sub Combat Hostiles Destroyed 28 | . 13 15 Guns 22 | . 13 9 Cannons 5 | . . 5 Classes Destroyed 5 | 1 3 1 Tunneler 2 | 2 . . Watcher 1 | . 1 . Swarmer 6 | . 6 . Grunt 7 | . 7 . Subdweller 15 | . . 15 Best Kill Streak 3 | 1 3 2 Combat Bots Only 3 | . 3 2 Max Kills in Single Turn 1 | 1 1 1 Gunslinging . | . . . Exploded . | . . . Melee . | . . . Uniques/NPCs Destroyed . | . . . Combat | -11 -10 -10 -------- Run | Yrd Mat Sub Hostile Shots Fired 166 | . 75 91 Missed 45 | . 18 27 Hits 121 | . 57 64 Projectile 121 | . 57 64 AOE 2 | . . 2 Critical Strikes 2 | . 1 1 Damage Taken 2114 | . 568 1546 Core 261 | . 107 154 Absorbed by Shields . | . . . Core Remaining (%) 100 | 100 . . Volleys Fired 146 | 5 61 80 Largest 2 | 2 2 2 Hottest 110 | 40 70 110 Shots Fired 265 | 10 122 133 Gun 225 | 10 122 93 Cannon 30 | . . 30 Launcher . | . . . Special 10 | . . 10 Kinetic 142 | 10 93 39 Thermal 123 | . 29 94 Explosive . | . . . Electromagnetic . | . . . Robot Hit Streak 30 | 5 9 30 Robot Miss Streak 4 | 1 4 2 Penetration Max . | . . . Secondary Targets 1 | . 1 . Max Gunslinging Chain 1 | . 1 . Shots Hit Robots 175 | 9 79 87 Core Hits 53 | 4 27 22 Critical Kills 1 | . . 1 Critical Parts Destroyed 1 | . 1 . Critical Strikes 10 | . 2 8 Burn 6 | . 1 5 Meltdown 1 | . . 1 Destroy 3 | . 1 2 Melee Attacks . | . . . Impact . | . . . Slashing . | . . . Piercing . | . . . Sneak Attacks . | . . . Combat Hostiles . | . . . Follow-up Attacks . | . . . Damage Inflicted 2336 | 79 744 1513 Guns 1949 | 79 744 1126 Cannons 387 | . . 387 Explosions . | . . . Melee . | . . . Ramming . | . . . Kinetic 1063 | 79 521 463 Thermal 1273 | . 223 1050 Explosive . | . . . Electromagnetic . | . . . Impact . | . . . Slashing . | . . . Piercing . | . . . Highest Corruption . | . . . Average Corruption . | . . . Corruption Purged . | . . . Corruption Blocked . | . . . Overload Shots . | . . . Overflow Damage . | . . . Projectiles . | . . . Explosions . | . . . Melee . | . . . Knockbacks . | . . . Impact . | . . . Kinetic . | . . . Secondary . | . . . Self-Inflicted Damage . | . . . Shots . | . . . Rammed . | . . . Targets Rammed . | . . . Kicked . | . . . Crushed . | . . . Highest Temperature 98 | . 98 1 Average Temperature 34 | . 35 1 Received Heat Transfer 399 | . 201 198 Siege Activations . | . . . Martial Activations . | . . . Shielding Activations . | . . . Robots Disrupted . | . . . Combat Hostiles . | . . . Robots Corrupted . | . . . Combat Hostiles . | . . . Parts Fried . | . . . Impact Corruptions . | . . . Robots Melted 1 | . . 1 Combat Hostiles 1 | . . 1 Parts Melted 8 | . 2 6 Heat Transferred 3005 | . 646 2359 Parts Sabotaged . | . . . Parts Stolen . | . . . Parts Stripped . | . . . Power Chain Reactions . | . . . Alert | -11 -10 -10 ------- Run | Yrd Mat Sub Maximum Alert Level . | . . . Low Security (%) 100 | 100 100 . Level 1 . | . . . Level 2 . | . . . Level 3 . | . . . Level 4 . | . . . Level 5 . | . . . High Security . | . . . Max Security . | . . . Peak Influence 114 | 5 114 . Initial . | . . . Average 21 | . 24 . Influence Increases 348 | 10 338 . Destroy 0b10 Robot/C 260 | . 260 . Destroy 0b10 Robot/NC 15 | 10 5 . Destroy Leader 52 | . 52 . Successful Hack 6 | . 6 . Lose Combat Pursuer 15 | . 15 . Influence Decreases 348 | 10 338 . Time Decay 328 | 10 318 . Lost Part 20 | . 20 . Squads Dispatched 3 | . 3 . Investigation 2 | . 2 . Extermination . | . . . Reinforcement 1 | . 1 . Assault . | . . . Garrison . | . . . Intercept . | . . . Searches Triggered . | . . . Construction Impeded . | . . . Haulers Reinforced . | . . . Active Scanning Responses . | . . . Cargo Convoy Interrupts . | . . . Stealth | -11 -10 -10 --------- Run | Yrd Mat Sub Distress Signals 3 | . 3 . Communications Jammed . | . . . Distress Signals . | . . . Times Spotted 45 | . 28 17 Peak Tracking Total 6 | . 6 3 Tactical Retreats 1 | . 1 . Traps | -11 -10 -10 ------- Run | Yrd Mat Sub Traps Triggered 4 | . 2 2 Indirectly . | . . . Trap Hack Attempts . | . . . Triggered . | . . . Disarmed . | . . . Reprogrammed . | . . . Reused . | . . . Traps Extracted . | . . . Installed . | . . . Triggered . | . . . Machines | -11 -10 -10 ---------- Run | Yrd Mat Sub Machines Disabled . | . . . Max in Single Turn . | . . . Machines Repaired . | . . . Machines Dismantled . | . . . Machines Sabotaged . | . . . Overloaded Fab Kills . | . . . Hacking | -11 -10 -10 --------- Run | Yrd Mat Sub Machines Accessed 7 | . 7 . Terminals 6 | . 6 . Fabricators . | . . . Repair Stations 1 | . 1 . Recycling Units . | . . . Scanalyzers . | . . . Garrison Access . | . . . Total Hacks 17 | . 17 . Successful 6 | . 6 . Failed 11 | . 11 . Catastrophic 2 | . 2 . Database Lockouts . | . . . Manual 12 | . 12 . Terminals 15 | . 15 . Fabricators . | . . . Repair Stations 2 | . 2 . Recycling Units . | . . . Scanalyzers . | . . . Garrison Access . | . . . Terminal Hacks 2 | . 2 . Part Schematic 1 | . 1 . Recall Investigation 1 | . 1 . Fabricator Hacks . | . . . Repair Station Hacks 1 | . 1 . Scan Component 1 | . 1 . Recycling Unit Hacks . | . . . Scanalyzer . | . . . Garrison Access Hacks . | . . . Unauthorized Hacks 3 | . 3 . Terminals 3 | . 3 . Botnet 1 | . 1 . Skim 2 | . 2 . Fabricators . | . . . Repair Stations . | . . . Recycling Units . | . . . Scanalyzers . | . . . Garrison Access . | . . . Data Cores Recovered . | . . . Used . | . . . Hacking Detections 7 | . 7 . Full Trace Events . | . . . Feedback Events . | . . . Feedback Blocked . | . . . Robot Schematics Acquired . | . . . Robots Built . | . . . Authchips . | . . . Time . | . . . Total Robot Build Rating . | . . . Part Schematics Acquired 1 | . 1 . Parts Built . | . . . Authchips . | . . . Time . | . . . Total Part Build Rating . | . . . Part Studies Acquired . | . . . Parts Repaired . | . . . Time . | . . . Parts Recycled . | . . . Recycled Matter . | . . . Retrieved Matter . | . . . Retrieved Components . | . . . Parts Scanalyzed . | . . . Part Schematics Acquired . | . . . Parts Damaged . | . . . Bothacking | -11 -10 -10 ------------ Run | Yrd Mat Sub Used RIF Installer . | . . . Robots Hacked . | . . . Non-combat . | . . . Combat . | . . . Robot Hacks Applied . | . . . Relay Couplers Released . | . . . Fabnet Peak Effective % . | . . . Robots Rewired . | . . . Allies Hacked . | . . . Hacks Repelled . | . . . Allies | -11 -10 -10 -------- Run | Yrd Mat Sub Total Allies . | . . . Largest Group . | . . . Highest-Rated Group . | . . . Highest-Rated Ally . | . . . Total Orders . | . . . Ally Attacks . | . . . Total Damage . | . . . Kills . | . . . Allies Corrupted . | . . . Allies Melted . | . . . Intel | -11 -10 -10 ------- Run | Yrd Mat Sub Active Infowar (turns) 2781 | 132 498 2151 Seismic 2781 | 132 498 2151 Robot Analysis Total . | . . . Derelict Logs Recovered 2 | . . 2 Drone Launches . | . . . Drone Recoveries . | . . . Exploration | -11 -10 -10 ------------- Run | Yrd Mat Sub Turns Passed 4334 | 219 1713 2402 Spaces Moved 2336 | 184 777 1375 Core 49 | 49 . . Treads 271 | . . 271 Legs 1059 | 135 777 147 Wheels 957 | . . 957 Hover . | . . . Flight . | . . . Fastest Speed 50 | 50 120 130 Average Speed 159 | 101 189 149 Slowest Speed 360 | 120 190 360 Overloaded Moves . | . . . Propulsion Burnouts . | . . . Robots Hopped . | . . . Potential Cave-ins . | . . . Cave-ins Triggered . | . . . Exploration Rate (%) 60 | 6 97 78 Regions Visited 2 Branch Regions 1 Pre-discovered Areas 1 | . . 1 Known Exits Taken . | . . . Unknown Exits Taken 2 | 1 1 . Scrap Searched 9 | . . 9 Spaces Dug . | . . . Terrain Destroyed 2 | . . 2 Melee . | . . . Projectile 2 | . . 2 AOE . | . . . Terrain Rammed . | . . . Walls Destroyed . | . . . Machines Disabled . | . . . Actions | -11 -10 -10 --------- Run | Yrd Mat Sub Total 2672 | 204 917 1551 Wait 96 | 4 47 45 Move 2334 | 183 776 1375 Hop . | . . . Pick Up 23 | 4 10 9 Fast Attach 13 | 7 4 2 Attach 5 | . . 5 Detach 1 | . 1 . Swap 37 | 1 9 27 Drop 17 | . 9 8 Fire 146 | 5 61 80 Melee . | . . . Ram . | . . . Kick . | . . . Crush . | . . . Escape Stasis . | . . . Rewire . | . . . Trap . | . . . Miscellaneous . | . . . Route ------- -11/Scrapyard -10/Materials (discovered 6 exits: [*Mat x3] / [*Min x2] / [*Sub]) -10/Subcaves (discovered 2 exits: *Mat x2) History --------- Turn | Location | Event 13 | -11/Scrapyard | Discovered new exit (range 16) 220 | -11/Scrapyard | Entered Materials 313 | -10/Materials | Build established: Mutant 371 | -10/Materials | Discovered new exit (range 7) 820 | -10/Materials | Derelicts attacked the area 953 | -10/Materials | Discovered new exit (range 16) 1037 | -10/Materials | Discovered new exit (range 15) 1322 | -10/Materials | Discovered new exit (range 12) 1510 | -10/Materials | Discovered new exit (range 14) 1914 | -10/Materials | Discovered new exit (range 10) 1933 | -10/Materials | Entered Subcaves 2431 | -10/Subcaves | Core integrity fell below 50% 2495 | -10/Subcaves | A Subdweller sparked back to life 2495 | -10/Subcaves | A Subdweller sparked back to life 2495 | -10/Subcaves | A Subdweller sparked back to life 2554 | -10/Subcaves | Found Prototype Flight Unit 2798 | -10/Subcaves | Learned location of Zion (-7) 2798 | -10/Subcaves | Met a Zionite searching for "candidates" 2800 | -10/Subcaves | Learned Materials trap positions 2963 | -10/Subcaves | Identified exit to Materials 3169 | -10/Subcaves | Discovered exit to Materials (range 7) 3381 | -10/Subcaves | Core integrity fell below 20% 3546 | -10/Subcaves | Ambushed by Subdweller buried in earth 4318 | -10/Subcaves | Ambushed by Subdwellers from Twisted Machinery 4335 | -10/Subcaves | Destroyed by Z9-Z7P(R) with Subdweller Laser Last Messages --------------- earth. 03547_ F5-P5N(R) destroyed. 03583_ Sub. Monowheel shoots sparks and powers down. 03926_ BP-V36(R) destroyed. 03929_ M3-5ZA(R) destroyed. 03939_ Acquired 18 matter. 03949_ Sub. Monowheel destroyed. 03955_ 2V-P8E(R) destroyed. 03961_ S0-6SA(R) destroyed. 03968_ Acquired Sub. Monowheel. 03969_ Acquired 20 matter. 04318_ B4-Y65(R) emerges from the Twisted Machinery. 04325_ B4-Y65(R) suffers critical hit (Destroy). 04331_ B4-Y65(R) suffers critical hit (Meltdown). 04331_ Sub. Optics melted. 04331_ Disposable Heat Sink melted. 04333_ Sub. Machine Gun destroyed. Map ----- +----------------------------------------------------+ | ?????????????????????????????????????????????????? | | ?????????????????????????????????????????????????? | | ?????????????????????????????????????????????????? | | ?????????????????????????????????????????????????? | | ?????????????????????????????????????????????????? | | ?????????????????????????????????????????????????? | | ?????????????????????????????????????????????????? | | ?????????????????????????????????????????????????? | | ?????????????????????????????????????????????????? | | ?????????????????????????????????????????????????? | | ?????????????????????????????????????????????????? | | ?????????????????????????????????????????????????? | | ?????????????????????????????????????????????????? | | ?????????????????????????????????????????????????? | | ?????????????????????????????????????????????????? | | ???????????????####??????????????????????????????? | | ??####???????### #??????????????????????????????? | | ?## ######?## #??????????????????????????????? | | ## ### #??????????????????????????????? | | # # #??????????????????????????????? | | #???# ### ##?????????????????????????????? | | ##### ## " #########??? ##???????????????? | | # # ## """ """ ### #???????????????? | | ### "" """" ##??????????????? | | """""""## #??????????????? | | # """ "#### @ #????????? | | #### ####""" #??## [ ????????? | | ##??###??## "" #??#"" % ## # ??????????? | | ##?????????######??#"""R ##????????????????? | | ##?????????????????# ## ##?????????????????? | | ##????????????????## #?###??????????????????? | | ### ##????????????????###??????????????????????? | | ??# #?????????????????????????????????????????? | | ??## #?????????????????????????????????????????? | | ### #?????????????????????????????????????????? | | ##?????????????????????????????????????????? | | # ##??????????????????????????????????????????? | | # #???????????????????????????????????????????? | | ###???????????????????????????????????????????? | | ##?????????????????????????????????????????????? | | "##??????????????????????????????????????????????? | | ##???????????????????????????????????????????????? | | ?????????????????????????????????????????????????? | | ?????????????????????????????????????????????????? | | ?????????????????????????????????????????????????? | | ?????????????????????????????????????????????????? | | ?????????????????????????????????????????????????? | | ?###?????????????????????????????????????????????? | | ## ##????????????????????????????????????????????? | | #????????????????????????????????????????????? | +----------------------------------------------------+ Best States ------------- Heat Dissipation 35 Energy Generation 10 Energy Capacity 250 Matter Stores 300 Matter Capacity 300 Sight Range 16 Terrain Scan Density 10 Armor Coverage 150 Evasion (%) 55 Recoil Reduction 2 Item Schematics ----------------- ECM Suite | -10/Materials | Hacked Robot Schematics ------------------ None Fabricated ------------ Nothing Repaired ---------- Nothing Studied --------- None Alien Tech Used ----------------- None Achievements -------------- None Challenges ------------ None Game ------ Seed MiningNavigationReplica Manual? 0 Play Time 00:31:48 Cumulative 247.3 hours Start 2025.11.21 @ 20:32:38 End 2025.11.29 @ 14:48:39 Sessions 6 Manual Loads 0 Difficulty Rogue Special Mode None Game No. 183 Rogue 183 Adventurer 0 Explorer 0 Win Type - Total 11 Types 6/0/2/1/0/0/0/1/0/1 Lore% 66 Gallery% 74 Achievement% 66 Wizard Run 0 Options --------- Layout 2 ASCII 0 Keyboard 1 Movement Vi Keybinds 0 Fullscreen 1 Font 32/Tamsyn Map View 50x44 Zoom Use 0% Tactical HUD 1 Map Filters NONE Filters NONE Steam 1 RUN: fbd2225f-dd1e-4329-9e15-9d7f2a763193